 Dungeon Crawl Stone Soup version 0.24-a0-201-gf205589 (console) character file.

Game seed: 16266619048790162821

37290 bli the Thaumaturge (level 13, -1/102 HPs)
             Began as a Grey Draconian Earth Elementalist on Mar 23, 2019.
             Was a High Priest of Vehumet.
             Slain by a swamp worm (21 damage)
             ... on level 1 of the Swamp on Mar 24, 2019.
             The game lasted 02:14:35 (17640 turns).

bli the Thaumaturge (DrEE)                         Turns: 17640, Time: 02:14:36

Health: -1/102     AC: 17    Str: 11    XL:     13   Next: 57%
Magic:  3/29       EV: 15    Int: 25    God:    Vehumet [*****.]
Gold:   821        SH:  0    Dex: 12    Spells: 6/37 levels left

rFire    . . .     SeeInvis +   W - staff of conjuration
rCold    + . .     Gourm    .   (no shield)
rNeg     . . .     Faith    .   (armour unavailable)
rPois    .         Spirit   .   M - +1 hat {SInv}
rElec    .         Reflect  .   n - +0 cloak
rCorr    .         Harm     .   j - +1 pair of gloves
MR       .....     Clarity  +   (no boots)
Stlth    +++.......             d - amulet of regeneration
HPRegen  0.67/turn              y - +3 ring of intelligence
MPRegen  0.21/turn              P - ring of protection from cold

@: slowed, very slow
A: walk through water, unfitting armour, big wings, horns 1, clarity, clever 1,
unbreathing, cold-blooded, AC +13
a: Fly, Renounce Religion


You were on level 1 of the Swamp.
You worshipped Vehumet.
Vehumet was extremely pleased with you.
You were not hungry.

You visited 4 branches of the dungeon, and saw 18 of its levels.

You collected 821 gold pieces.

Inventory:

Hand Weapons
 a - a +4 vampiric spear
 g - a +1 lajatang of pain
 p - a +4 trident
 N - the +5 dagger of Crawling {holy, MP+9}
   (You found it on level 8 of the Dungeon)

   It has been blessed by the Shining One to cause great damage to the undead
   and demons.
   It affects your magic capacity (+9).
Missiles
 b - 231 stones
 G - 7 javelins (quivered)
Armour
 j - a +1 pair of gloves (worn)
 n - a +0 cloak (worn)
 M - a +1 hat of see invisible (worn)
Magical Staves
 O - an uncursed staff of cold
 S - an uncursed staff of death
 W - an uncursed staff of conjuration (weapon)
Jewellery
 d - an amulet of regeneration (around neck)
 u - an uncursed amulet of the gourmand
 w - an uncursed ring of protection from magic
 y - a +3 ring of intelligence (left hand)
 P - a ring of protection from cold (right hand)
 Q - a +5 ring of strength
 R - an uncursed ring of protection from magic
Wands
 q - a wand of polymorph (8)
 r - a wand of digging (4)
 I - a wand of acid (6)
 T - a wand of clouds (3)
 U - a wand of flame (13)
Scrolls
 h - 12 scrolls of teleportation {unknown}
 k - 3 scrolls of remove curse
 m - 3 scrolls of random uselessness {unknown}
 s - 4 scrolls of magic mapping {unknown}
 v - 3 scrolls of immolation
 x - a scroll of vulnerability {unknown}
 C - a scroll of amnesia
 H - 2 scrolls of brand weapon {unknown}
 J - 5 scrolls of fog
 L - a scroll of enchant armour {unknown}
 X - 2 scrolls of noise {unknown}
 Y - a scroll of silence
 Z - a scroll of acquirement
Potions
 e - a potion of ambrosia {unknown}
 f - 6 potions of curing
 i - 2 potions of might
 l - a potion of lignification {unknown}
 o - 3 potions of heal wounds {unknown}
 t - 6 potions of haste
 z - 3 potions of flight {unknown}
 A - a potion of mutation
 D - a potion of berserk rage
 E - 2 potions of brilliance
 F - a potion of cancellation
 K - a potion of magic
 V - 2 potions of resistance
Comestibles
 c - 21 rations
 B - 2 chunks of flesh


   Skills:
 + Level 6.0 Fighting
 + Level 5.2(5.4) Polearms
 + Level 1.5(3.6) Staves
 * Level 6.2 Dodging
 + Level 4.4 Stealth
 * Level 12.9 Spellcasting
 + Level 8.3 Conjurations
 + Level 1.0 Transmutations
 * Level 4.5 Fire Magic
 - Level 3.0 Ice Magic
 + Level 12.8 Earth Magic
 + Level 4.7 Poison Magic
 + Level 1.1 Evocations


You had 6 spell levels left.
You knew the following spells:

 Your Spells              Type           Power        Failure   Level  Hunger
a - Sandblast             Erth           ######       0%          1    None
b - Throw Frost           Conj/Ice       ######       1%          2    None
d - Lee's Rapid Deconstr  Erth           ######....   1%          5    ###....
f - Fireball              Conj/Fire      ######....   1%          5    ###....
k - Sticky Flame          Conj/Fire      ######..     1%          4    None
m - Bolt of Magma         Conj/Fire/Erth ######....   1%          5    ###....
s - Sting                 Conj/Pois      ####         1%          1    None
O - Olgreb's Toxic Radia  Pois           #####...     1%          4    None
P - Petrify               Tmut/Erth      ######..     1%          4    None

Your spell library contained the following spells:

 Spells                   Type           Power        Failure   Level  Hunger
 Orb of Destruction       Conj           ######....   26%         7    ######.
 Flame Tongue             Conj/Fire      #####        1%          1    None
 Passwall                 Tmut/Erth      ######..     1%          2    None
 Poisonous Vapours        Pois/Air       ####..       1%          2    None
 Throw Flame              Conj/Fire      ######       1%          2    None
 Conjure Flame            Conj/Fire      ######..     1%          3    None
 Inner Flame              Hex/Fire       ####....     1%          3    None
 Mephitic Cloud           Conj/Pois/Air  ######..     1%          3    None
 Stone Arrow              Conj/Erth      ######       1%          3    None
 Venom Bolt               Conj/Pois      ######....   1%          5    ###....
 Beastly Appendage        Tmut           ###...       2%          1    None
 Leda's Liquefaction      Hex/Erth       #####.....   2%          4    None
 Corona                   Hex            ###....      3%          1    None
 Sticks to Snakes         Tmut           ###.....     3%          2    None
 Spider Form              Tmut/Pois      ####......   3%          3    None
 Slow                     Hex            ###.....     5%          2    None
 Portal Projectile        Hex/Tloc       ###...       11%         3    None
 Ice Form                 Ice/Tmut       ####....     16%         4    None
 Cause Fear               Hex            ###.......   36%         4    None
 Blade Hands              Tmut           ###.......   54%         5    ###....


Dungeon Overview and Level Annotations

Branches:
Dungeon (11/15)            Temple (0/1) D:7            Lair (5/6) D:9
  Swamp (1/4) Lair:2        Snake (1/4) Lair:3
  Slime: Lair:5-6       Orc: D:9-12

Altars:
Cheibriados
Elyvilon
Hepliaklqana
Nemelex Xobeh
Okawaru
Ru
Trog
Uskayaw
Vehumet
Xom
Yredelemnul
Zin

Shops:
D:6 *   D:9 *   D:10 *

Annotations:
D:8 2 runed translucent doors
Lair:1 2 transporters, Xysuja Ciut's ghost, journeyman NaFE


Innate Abilities, Weirdness & Mutations

You can walk through water.
Your dull iron-grey scales are very hard. (AC +13)
You cannot fit into any form of body armour.
You can survive without breathing.
You are cold-blooded and may be slowed by cold attacks.
Your large and strong wings let you fly indefinitely.
You have a pair of small horns on your head.
You possess an exceptional clarity of mind.
Your mind is acute. (Int +2)


Message History

The bog body casts a spell at you. The bolt of cold hits you. You resist.
The spriggan rider hits you from afar with a +0 spear!
The bog body barely misses you. The bog body closely misses you.
The spriggan rider closely misses you. The bog body casts a spell at you.
The bolt of cold hits you. You resist.
The spriggan rider hits you but does no damage.
The swamp worm throws harpoon shot at you.
The harpoon shot misses you.
The swamp worm throws harpoon shot at you.
The harpoon shot hits you!!
* * * LOW HITPOINT WARNING * * *
You are yanked forward by the harpoon shot.
Floosh!
The spriggan rider hits you with a +0 spear!
* * * LOW HITPOINT WARNING * * *
The bog body barely misses you.
The bog body touches you but does no damage.
The swamp worm bites you!!
You die...

♣.♣.♣♣♣.≈≈≈≈..... #...≈♣
.♣♣≈.♣ ♣≈≈..≈..######...≈♣
..>≈.♣♣♣≈≈.....###.##....♣
...≈≈.♣♣.≈≈≈≈..#.........♣
......♣♣♣.♣....##.....♣..♣
≈......♣♣≈≈♣.####..♣♣♣♣D.♣
≈....≈.≈.<≈≈#####..♣ ♣..♣
≈...≈≈≈≈♣.....†††..♣
♣n.♣♣♣§♣[.
≈.♣....≈≈.♣♣♣.....♣♣
♣..)§.§..≈
≈≈♣♣.♣.≈≈[♣♣.≈..n.♣♣
♣.≈≈♣§§§≈.≈ .♣
♣...≈≈.♣♣♣§≈≈@..♣
♣♣.....≈...
♣♣...≈.♣♣..≈.iw..♣
..≈≈§≈§≈..
♣♣≈≈≈.♣♣♣§♣♣♣≈≈..♣≈≈§..≈.§≈.
♣♣≈≈.♣ ♣♣♣ ♣≈≈≈≈...≈≈≈≈.≈..
♣≈≈≈♣ ♣.♣≈≈≈♣≈≈.≈≈≈≈.. ♣♣≈≈♣
♣...≈≈..§..≈≈≈. ♣...
..♣.≈..♣≈ .≈≈≈≈≈≈≈


You could see a spriggan rider, a bog body and a swamp worm.

Vanquished Creatures
  Nikola (Swamp:1)
  Gastronok (Lair:1)
  5 hydras
  A centaur warrior (D:11)
  A two-headed ogre (D:11)
  An unseen horror (D:11)
  3 black mambas
  5 elephants
  14 spiny frogs
  A rime drake (Lair:5)
  6 komodo dragons
  A polar bear (Lair:3)
  A troll (D:11)
  3 hornets
  3 blink frogs (Lair:3)
  A bog body (Swamp:1)
  5 hippogriffs
  6 dream sheep (Lair:5)
  A vampire (D:10)
  2 spriggans (Swamp:1)
  4 hogs (D:8)
  13 yaks
  3 wyverns
  A basilisk (D:8)
  A human (D:8)
  4 vampire mosquitoes (Lair:2)
  A hungry ghost (D:10)
  A swamp worm (Swamp:1)
  A steam dragon (Lair:3)
  An acid dragon (D:11)
  4 nagas (Lair:3)
  7 water moccasins
  11 porcupines
  2 sky beasts
  2 ice beasts
  2 orc warriors
  4 phantoms
  A centaur (D:11)
  6 ogres
  13 wolves
  11 crocodiles
  A big kobold (D:9)
  14 bullfrogs
  A gnoll sergeant (D:10)
  A wyvern zombie (D:7)
  A water moccasin zombie (D:8)
  6 scorpions
  26 killer bees
  2 wights
  7 electric eels (Lair:3)
  6 howler monkeys
  5 crimson imps
  A centaur zombie (D:6)
  3 bullfrog zombies
  9 orc priests
  7 hounds
  A centaur skeleton (D:5)
  4 jellies
  Jessica (D:2)
  5 bullfrog skeletons
  5 iguanas
  Ijyb (D:3)
  11 orc wizards
  7 worker ants
  2 killer bee zombies
  Robin (D:2)
  7 gnolls
  14 adders
  A howler monkey skeleton (D:6)
  2 shadow imps
  12 white imps (Lair:2)
  9 worms
  9 dart slugs
  8 leopard geckos
  40 orcs
  5 giant cockroaches
  16 goblins
  15 hobgoblins
  12 jackals
  4 quokkas
  3 ball pythons
  10 bats
  5 frilled lizards
  2 jackal skeletons (D:4)
  5 kobolds
  A leopard gecko zombie (D:6)
  7 rats
  A butterfly (D:7)
471 creatures vanquished.

Vanquished Creatures (others)
  3 fungi (Lair:3)
  12 plants
15 creatures vanquished.

Grand Total: 486 creatures vanquished

Notes
Turn   | Place    | Note
-------+----------+-------------------------------------------
     0 | D:1      | bli the Draconian Earth Elementalist began the quest for
                  | the Orb.
     0 | D:1      | Reached XP level 1. HP: 14/14 MP: 3/3
   136 | D:1      | Reached XP level 2. HP: 20/20 MP: 3/5
   825 | D:1      | Reached XP level 3. HP: 21/26 MP: 5/7
  1714 | D:2      | Reached XP level 4. HP: 33/33 MP: 7/9
  1755 | D:2      | Noticed Jessica
  1781 | D:2      | Killed Jessica
  1802 | D:2      | Noticed Robin
  1819 | D:2      | Reached XP level 5. HP: 20/39 MP: 9/11
  1912 | D:2      | Killed Robin
  1946 | D:2      | Found a faded altar of an unknown god.
  2010 | D:2      | Became a worshipper of Elyvilon the Healer
  2010 | D:2      | Reached * piety under Elyvilon
  2011 | D:2      | Fell from the grace of Elyvilon
  2869 | D:3      | Noticed Ijyb
  2889 | D:3      | Killed Ijyb
  2958 | D:2      | Reached skill level 1 in Polearms
  2987 | D:3      | Reached XP level 6. HP: 46/46 MP: 11/13
  3200 | D:3      | Found a sparkling altar of Nemelex Xobeh.
  3439 | D:3      | Reached skill level 1 in Fighting
  3439 | D:3      | Reached skill level 5 in Spellcasting
  3639 | D:5      | Entered Level 5 of the Dungeon
  3714 | D:5      | Found a radiant altar of Vehumet.
  3842 | D:5      | Became a worshipper of Vehumet
  4026 | D:5      | Your scales start taking on a dull iron-grey colour.
  4026 | D:5      | Reached skill level 5 in Earth Magic
  4026 | D:5      | Reached XP level 7. HP: 52/52 MP: 10/15
  4026 | D:5      | Gained mutation: You can survive without breathing. [Grey
                  | Draconian growth]
  4041 | D:5      | Learned a level 5 spell: Lee's Rapid Deconstruction
  4289 | D:4      | Reached * piety under Vehumet
  4289 | D:4      | Offered knowledge of Sting by Vehumet.
  4300 | D:4      | Learned a level 1 spell: Sting
  4486 | D:4      | Found a sacrificial altar of Ru.
  4530 | D:4      | Reached XP level 8. HP: 60/61 MP: 9/16
  4598 | D:4      | Found a sparkling altar of Nemelex Xobeh.
  4599 | D:4      | Found a snail-covered altar of Cheibriados.
  4792 | D:5      | Found a glowing silver altar of Zin.
  4803 | D:5      | Found a hide-covered altar of Uskayaw.
  4953 | D:5      | Reached skill level 1 in Conjurations
  5042 | D:5      | Offered knowledge of Throw Frost by Vehumet.
  5062 | D:5      | Learned a level 2 spell: Throw Frost
  5451 | D:6      | Reached ** piety under Vehumet
  5498 | D:6      | Found a basalt altar of Yredelemnul.
  5498 | D:6      | Found a bloodstained altar of Trog.
  5646 | D:6      | Reached skill level 1 in Poison Magic
  5723 | D:6      | Found an iron altar of Okawaru.
  5874 | D:6      | Found Imuym's General Store.
  6067 | D:6      | Reached XP level 9. HP: 68/70 MP: 7/18
  6363 | D:7      | Offered knowledge of Static Discharge by Vehumet.
  6689 | D:7      | Found a staircase to the Ecumenical Temple.
  6724 | D:7      | Reached *** piety under Vehumet
  7002 | D:8      | Found a large runed translucent door.
  7002 | D:8      | Found a large runed translucent door.
  7055 | D:8      | Got a smoking dagger
  7119 | D:8      | Found a large runed translucent door.
  7119 | D:8      | Found a large runed translucent door.
  7143 | D:8      | Reached skill level 5 in Fighting
  7168 | D:8      | Offered knowledge of Olgreb's Toxic Radiance by Vehumet.
  7397 | D:8      | Found a shimmering altar of Xom.
  7398 | D:8      | Found a hazy altar of Hepliaklqana.
  7400 | D:8      | Noticed a spectral ugly thing
  7506 | D:8      | Reached XP level 10. HP: 79/81 MP: 9/21
  7635 | D:8      | Reached skill level 1 in Ice Magic
  7764 | D:8      | Learned a level 4 spell: Olgreb's Toxic Radiance
  7868 | D:8      | Reached skill level 5 in Conjurations
  8018 | D:9      | Reached skill level 5 in Polearms
  8041 | D:9      | Found Laniluum's Assorted Antiques.
  8132 | D:9      | Reached **** piety under Vehumet
  8544 | D:9      | Offered knowledge of Bolt of Magma by Vehumet.
  8583 | D:9      | Found a staircase to the Lair.
  8681 | Lair:1   | Entered Level 1 of the Lair of Beasts
  8742 | Lair:1   | Noticed an eight-headed hydra
  8749 | Lair:1   | Killed an eight-headed hydra
  8749 | Lair:1   | Reached skill level 10 in Earth Magic
  8763 | Lair:1   | Identified the +5 dagger of Crawling {holy, MP+9} (You
                  | found it on level 8 of the Dungeon)
  8772 | Lair:1   | Learned a level 4 spell: Petrify
  9241 | Lair:1   | Noticed Gastronok
  9321 | D:10     | Entered Level 10 of the Dungeon
  9420 | D:9      | Learned a level 5 spell: Bolt of Magma
  9688 | D:10     | Reached XP level 11. HP: 71/88 MP: 3/23
 10002 | D:10     | Found Xopsyr Rerpho's Assorted Antiques.
 10236 | D:10     | Reached ***** piety under Vehumet
 10264 | D:10     | Offered knowledge of Force Lance by Vehumet.
 10280 | D:10     | Found a shimmering altar of Xom.
 10598 | D:11     | Killed an unseen horror
 10598 | D:11     | Reached skill level 1 in Fire Magic
 10701 | D:11     | Noticed a centaur warrior
 10718 | D:11     | Killed a centaur warrior
 10718 | D:11     | Reached skill level 5 in Dodging
 11113 | D:11     | Found a sparkling altar of Nemelex Xobeh.
 11153 | D:11     | Noticed a six-headed hydra
 11158 | D:11     | Killed a six-headed hydra
 11205 | D:11     | Noticed a two-headed ogre
 11214 | D:11     | Killed a two-headed ogre
 12007 | Lair:1   | Identified the +5 trident "Jina" {holy, rF- MR+ Int+4
                  | Dex+2}
 12007 | Lair:1   | Noticed a spriggan rider
 12009 | Lair:1   | Noticed Xysuja Ciut's ghost (journeyman NaFE)
 12011 | Lair:1   | Found a bloodstained altar of Trog.
 12011 | Lair:1   | Identified the +8 trident "Baicoim" {freeze, *Contam rN+
                  | Str+4 Dex+5}
 12011 | Lair:1   | Noticed a spriggan rider
 12040 | Lair:1   | Found a transporter.
 12046 | Lair:1   | Found a transporter.
 12352 | Lair:1   | Killed Gastronok
 12352 | Lair:1   | Reached skill level 1 in Staves
 12352 | Lair:1   | Reached skill level 10 in Spellcasting
 12600 | Lair:2   | Identified a scroll of acquirement
 12678 | Lair:2   | Reached XP level 12. HP: 94/94 MP: 18/26
 13134 | Lair:2   | Found a frozen archway.
 13191 | Lair:2   | Found a staircase to the Swamp.
 13233 | Swamp:1  | Entered Level 1 of the Swamp
 13235 | Swamp:1  | Noticed Nikola
 13995 | Lair:3   | Found a staircase to the Snake Pit.
 14161 | Lair:3   | Noticed a seven-headed hydra
 14169 | Lair:3   | Killed a seven-headed hydra
 14986 | Lair:3   | Learned a level 5 spell: Fireball
 14991 | Lair:3   | Learned a level 4 spell: Sticky Flame
 15717 | Lair:4   | Reached skill level 1 in Evocations
 15719 | Lair:4   | Reached XP level 13. HP: 102/102 MP: 21/29
 15738 | Lair:4   | Offered knowledge of Orb of Destruction by Vehumet.
 15842 | Lair:4   | Gained mutation: Scrolls take you a little longer to read.
                  | [potion of mutation]
 15842 | Lair:4   | Gained mutation: You expend magic power (3 MP) to
                  | strengthen your wands. [potion of mutation]
 15843 | Lair:4   | Lost mutation: Scrolls take you a little longer to read.
                  | [potion of mutation]
 15843 | Lair:4   | Lost mutation: You expend magic power (3 MP) to strengthen
                  | your wands. [potion of mutation]
 15843 | Lair:4   | Gained mutation: You occasionally shout uncontrollably at
                  | your foes. [potion of mutation]
 15843 | Lair:4   | Gained mutation: You expend magic power (3 MP) to
                  | strengthen your wands. [potion of mutation]
 15843 | Lair:4   | Gained mutation: You evolve. [potion of mutation]
 15844 | Lair:4   | Lost mutation: You expend magic power (3 MP) to strengthen
                  | your wands. [potion of mutation]
 15844 | Lair:4   | Lost mutation: You evolve. [potion of mutation]
 15844 | Lair:4   | Gained mutation: Scrolls take you a little longer to read.
                  | [potion of mutation]
 15844 | Lair:4   | Gained mutation: You possess an exceptional clarity of
                  | mind. [potion of mutation]
 15845 | Lair:4   | Lost mutation: You occasionally shout uncontrollably at
                  | your foes. [potion of mutation]
 15845 | Lair:4   | Lost mutation: You possess an exceptional clarity of mind.
                  | [potion of mutation]
 15845 | Lair:4   | Lost mutation: Scrolls take you a little longer to read.
                  | [potion of mutation]
 15845 | Lair:4   | Gained mutation: You possess an exceptional clarity of
                  | mind. [potion of mutation]
 15845 | Lair:4   | Gained mutation: You have a pair of small horns on your
                  | head. [potion of mutation]
 15845 | Lair:4   | Gained mutation: Your mind is acute. (Int +2) [potion of
                  | mutation]
 15845 | Lair:4   | Gained mutation: Your large and strong wings let you fly
                  | indefinitely. [potion of mutation]
 17468 | Snake:1  | Entered Level 1 of the Snake Pit
 17515 | Swamp:1  | Killed Nikola
 17640 | Swamp:1  | Slain by a swamp worm

Levels and vault maps discovered:
D:1:      roderic_crop_circles_arrival_small, layout_loops_ring, minmay_cut_off
D:2:      layout_loops_corners, chequers_ecumenical_altar_island,
          eino_curves_01, uniq_robin, uniq_jessica
D:3:      layout_rooms, serial_curves, eino_curves_03, eino_curves_04,
          nemelex_lonely_heart_becter, uniq_ijyb
D:4:      layout_basic, gammafunk_temple_overflow_pools, lemuel_round_altar,
          first_ration
D:5:      layout_basic, zin_statuary, hangedman_feature_mirror,
          chequers_serial_rivers_room_a, corexii_hall_statues_i
D:6:      layout_loops_cross, grunt_temple_overflow_open,
          okawaru_altar_gauntlet_db, serial_shops, shop, chequers_mini_garden
D:7:      layout_rooms, minmay_temple_entry_butterflies
D:8:      layout_loops_corners, regret_index_temple_of_mockery, grunt_livestock,
          minmay_hollow_rounded_squares
D:9:      kennysheep_spiral_hall, layout_basic, lair_entry_dummy, serial_shops,
          nicolae_shop_overgrown_old_shop
D:10:     layout_gridville, serial_shops, nicolae_shop_waterfront, tgw_xom
D:11:     layout_stronghold, serial_column_ruins, column_ruins_pillar_2,
          column_ruins_pillar_10, column_ruins_pillar_1, column_ruins_pillar_1,
          column_ruins_pillar_9, column_ruins_pillar_6, column_ruins_pillar_1,
          column_ruins_pillar_6, column_ruins_pillar_2, column_ruins_pillar_2,
          column_ruins_pillar_2, column_ruins_pillar_10, column_ruins_pillar_3,
          column_ruins_pillar_2, column_ruins_pillar_6, column_ruins_pillar_1,
          column_ruins_pillar_10, column_ruins_pillar_3, column_ruins_pillar_3,
          nemelex_xobeh_ov_fountains_minmay
Lair:1:   layout_hall_layers, gammafunk_ghost_wrathful_warriors,
          infiniplex_staircase_pool_2, lemuel_fruit_tree, uniq_gastronok
Lair:2:   layout_regular_city, minmay_swamp_entry_swarm,
          portal_ice_cave_entry_imps, grunt_megastairs_2
Lair:3:   layout_roguey, guppyfry_snake_entry_island, serial_bayou,
          serial_bayou_pond_e, serial_bayou_lagoon_b, serial_bayou_pond_b,
          serial_bayou_lagoon_a, gauntlet_entry_generic
Lair:4:   layout_regular_city, serial_bayou_shore_b
Lair:5:   layout_cave_pods, grunt_megastairs_1
Swamp:1:  layout_falls_marsh, hangedman_swamp_ruin_wall, swamp_pool2,
          uniq_nikola
Snake:1:  layout_grid_shapes, st_stairs_10

Skill      XL: |  1  2  3  4  5  6  7  8  9 10 11 12 13 |
---------------+----------------------------------------+-----
Spellcasting   | 3 4 5 6 7 8 10 12 | 12.9
Dodging        | 2 3 4 5 6 |  6.2
Polearms       | 1 2 3 4 5 |  5.2
Fighting       | 1 2 3 5 6 |  6.0
Earth Magic    | 5 7 8 9 10 11 12 | 12.8
Stealth        | 2 3 4 |  4.4
Conjurations   | 2 4 6 7 8 |  8.3
Poison Magic   | 1 2 4 |  4.7
Ice Magic      | 2 3 |  3.0
Fire Magic     | 1 3 4 |  4.5
Staves         | 1 |  1.5
Evocations     | 1 |  1.1
Transmutations | |  1.0

Action                   |  1- 3 |  4- 6 |  7- 9 | 10-12 | 13-15 || total
-------------------------+-------+-------+-------+-------+-------++-------
Melee: Dagger            |    25 |       |       |       |       ||    25
       Tailslap          |     4 |    13 |    29 |    29 |     4 ||    79
       Mace              |    56 |    33 |       |       |       ||    89
       Spear             |       |   150 |   234 |   109 |       ||   493
       Staff             |       |       |       |    91 |    17 ||   108
       Long sword        |       |       |       |     1 |       ||     1
       Headbutt          |       |       |       |       |     4 ||     4
 Cast: Sandblast         |    36 |    78 |    69 |   186 |    37 ||   406
       Sting             |       |       |    80 |   147 |    39 ||   266
       Throw Frost       |       |       |    18 |   129 |    35 ||   182
       Lee's Rapid Decon |       |       |    12 |    39 |    11 ||    62
       Bolt of Magma     |       |       |       |    22 |     8 ||    30
       Olgreb's Toxic Ra |       |       |       |     3 |       ||     3
       Fireball          |       |       |       |       |     1 ||     1
Invok: Renounce Religion |       |     1 |       |       |       ||     1
Evoke: Wand              |       |       |       |     5 |     1 ||     6
  Use: Scroll            |       |       |     7 |     6 |     3 ||    16
       Potion            |       |       |       |       |     4 ||     4
 Stab: Sleeping          |     3 |     2 |     3 |     1 |       ||     9
  Eat: Chunk             |     3 |     5 |    14 |    26 |     5 ||    53
       Ration            |       |     2 |       |     5 |     1 ||     8
Armor: Skin              |    26 |    58 |    83 |   138 |    25 ||   330
Dodge: Dodged            |    56 |   110 |   139 |   285 |    53 ||   643
       Rpst.: Long sword |       |       |       |     2 |       ||     2

Table legend:
 A = Non-vault XP
 B = Vault XP
 C = Vault XP percentage of total XP
 D = Non-vault monster count
 E = Vault monster count
 F = Vault count percentage of total count
                 A         B        C        D         E       F
            +---------+---------+-------+---------+---------+-------
      Total |   39798 |   13474 |  25.3 |     383 |      87 |  18.5
            +---------+---------+-------+---------+---------+-------
        D:1 |      51 |       3 |   5.6 |      28 |       2 |   6.7
        D:2 |     153 |      74 |  32.6 |      27 |      14 |  34.1
        D:3 |     141 |      35 |  19.9 |      31 |       1 |   3.1
        D:4 |     701 |       0 |   0.0 |      29 |       0 |   0.0
        D:5 |     732 |      49 |   6.3 |      26 |       2 |   7.1
        D:6 |     976 |      26 |   2.6 |      19 |       6 |  24.0
        D:7 |    1606 |       0 |   0.0 |      29 |       0 |   0.0
        D:8 |     862 |    1583 |  64.7 |      18 |      14 |  43.8
        D:9 |    1374 |     165 |  10.7 |      24 |       2 |   7.7
       D:10 |    2157 |     273 |  11.2 |      32 |       5 |  13.5
       D:11 |    4526 |       0 |   0.0 |      17 |       0 |   0.0
     Lair:1 |    3861 |    2224 |  36.5 |      10 |       1 |   9.1
     Lair:2 |    4529 |    1924 |  29.8 |      16 |      25 |  61.0
     Lair:3 |    6866 |    2016 |  22.7 |      35 |       9 |  20.5
     Lair:4 |    3442 |       0 |   0.0 |      16 |       0 |   0.0
     Lair:5 |    4669 |     929 |  16.6 |      17 |       5 |  22.7
    Swamp:1 |    2725 |    4173 |  60.5 |       8 |       1 |  11.1
    Snake:1 |     427 |       0 |   0.0 |       1 |       0 |   0.0
            +---------+---------+-------+---------+---------+-------
